AoeStats
← Crotovich

Nomad

508583984Analyzed
2v2 RM · 8d ago on Sep 23, 2026· 56m 35s· 4 players
Game mode
Random Map
Map size
176×176
Population
200
Speed
Normal
Resources
Standard
Victory
Conquest
Starting age
Dark Age
Ending age
Imperial Age
RankedLock teamsTeams togetherTeam positionsShared explorationLock speedFull tech treeHidden civsTurbo modeCheats
Victory
Defeat
🇦🇷 Vikings · Argentina
761
+14
🇦🇷 Franks · Argentina
723
+19
🇨🇴 Mongols · Colombia
783
-17
🇨🇳 Malians · China
669
-13
Duskah7769
5:58 Loom
17:13 Feudal Age
17:42 Fishing Lines
18:21 Double-Bit Axe
23:33 Castle Age
21:50 Forging
25:51 Gold Mining
26:43 Coinage
27:03 Bow Saw
26:46 Gillnets
29:02 Gold Shaft Mining
34:01 Imperial Age
33:59 Stone Mining
35:50 Two-Man Saw
34:38 Town Watch
35:58 Conscription
35:40 Bogsveigar
35:05 Elite Varangian Guard
38:15 Chieftains
38:19 Town Patrol
38:55 Banking
40:37 Fervor
41:55 Arson
42:12 Squires
42:49 Iron Casting
42:15 Scale Mail Armor
47:53 Blast Furnace
47:08 Chain Mail Armor
46:45 Fletching
48:19 Devotion
50:50 Chemistry
49:32 Treadmill Crane
50:03 Siege Engineers
54:54 Elite Skirmisher
Crotovich
6:32 Loom
13:13 Feudal Age
14:54 Wheelbarrow
22:23 Scale Barding Armor
25:12 Double-Bit Axe
26:53 Forging
33:01 Castle Age
34:29 Chain Barding Armor
35:43 Husbandry
37:16 Iron Casting
37:20 Light Cavalry
38:40 Wheelbarrow
46:07 Imperial Age
45:03 Gold Mining
45:05 Stone Mining
45:30 Bow Saw
47:27 Cavalier
50:08 Hoardings
52:23 Paladin
56:11 Paladin
Sebasprii20
14:07 Loom
16:03 Feudal Age
17:23 Horse Collar
22:06 Fletching
22:16 Padded Archer Armor
23:35 Padded Archer Armor
31:10 Castle Age
30:35 Gold Mining
32:40 Double-Bit Axe
37:11 Crossbowman
38:04 Bodkin Arrow
38:24 Leather Archer Armor
38:59 Gold Shaft Mining
38:17 Stone Mining
39:12 Ballistics
42:58 Imperial Age
40:45 Murder Holes
41:32 Leather Archer Armor
41:56 Bow Saw
42:45 Wheelbarrow
44:47 Chemistry
44:19 Bracer
44:55 Conscription
44:45 Heavy Plow
46:16 Hand Cart
45:46 Town Watch
47:04 Elite Mangudai
50:21 Forging
50:16 Scale Barding Armor
输到头皮发麻
Connection lost

Rejoining the realm…

Still unreachable

The connection could not be restored.

Session expired

The server has moved on; the page needs a fresh start.